 Dungeon Crawl Stone Soup version 0.26.1-2-gb8aa6d0cf2 (webtiles) character file.

Game seed: 7253489487920964051

648 Gadfly the Ducker (level 7, -1/39 HPs)
             Began as a Tengu Hedge Wizard on Feb 18, 2021.
             Killed from afar by an orc wizard (12 damage)
             ... with a puff of flame
             ... on level 4 of the Dungeon.
             The game lasted 00:11:58 (6316 turns).

Gadfly the Ducker (Tengu Hedge Wizard)              Turns: 6316, Time: 00:11:59

Health: -1/39      AC:  8    Str: 11    XL:     7   Next: 53%
Magic:  13/13      EV: 16    Int: 16    God:
Gold:   178        SH:  0    Dex: 13    Spells: 8/13 levels left

rFire    . . .     SeeInvis .   a - +0 spear (venom)
rCold    . . .     Faith    .   (no shield)
rNeg     . . .     Spirit   .   e - +0 robe
rPois    .         Reflect  .   c - +0 hat
rElec    .         Harm     .   (no cloak)
rCorr    .         Rampage  .   g - +1 pair of gloves
Will     +....                  (boots unavailable)
Stlth    ++........             (no amulet)
HPRegen  0.13/turn              d - ring of willpower
MPRegen  0.13/turn              f - +4 ring of protection

@: flying quickly and evasively, quick
A: beak, talons 3, able to fly
a: Stop Flying


You were on level 4 of the Dungeon.
You visited 1 branch of the dungeon, and saw 4 of its levels.

You collected 178 gold pieces.

Inventory:

Hand Weapons
 a - a +0 spear of venom (weapon)
 b - a +0 short sword of flaming
 i - a +2 dagger of protection
Missiles
 j - 2 throwing nets
Armour
 c - a +0 hat (worn)
 e - a +0 robe (worn)
 g - a +1 pair of gloves (worn)
 k - a +0 buckler
Jewellery
 d - a ring of willpower (left hand)
 f - a +4 ring of protection (right hand)
Wands
 s - a wand of acid (4)
Scrolls
 l - a scroll of remove curse
 o - a scroll of enchant weapon
 r - a scroll of amnesia {unknown}
 t - a scroll of identify
Potions
 h - a potion of mutation
 m - a potion of resistance
 n - a potion of cancellation
 p - a potion of might {unknown}
 q - a potion of curing


   Skills:
 + Level 1.8 Fighting
 * Level 4.0 Dodging
 - Level 2.0 Stealth
 * Level 3.9 Spellcasting
 + Level 3.8 Conjurations
 * Level 4.0 Summonings
 - Level 0.7 Translocations
 * Level 3.8 Air Magic
 * Level 3.0 Evocations


You had 8 spell levels left.
You knew the following spells:

 Your Spells              Type           Power        Failure   Level
a - Magic Dart            Conj           60%          3%          1
b - Call Imp              Summ           16%          4%          2
c - Blink                 Tloc           N/A          19%         2

Your spell library contained the following spells:

 Spells                   Type           Power        Failure   Level
 Summon Small Mammal      Summ           64%          3%          1
 Apportation              Tloc           10%          13%         1
 Animate Skeleton         Necr           6%           17%         1
 Corona                   Hex            3%           17%         1
 Mephitic Cloud           Conj/Pois/Air  11%          19%         3
 Conjure Flame            Conj/Fire      9%           22%         3
 Slow                     Hex            3%           26%         2


Dungeon Overview and Level Annotations

Branches:
Dungeon (4/15)
 Temple: D:4-7

Altars:
Nemelex Xobeh
Trog

Annotations:
D:4 1 transporter


Innate Abilities, Weirdness & Mutations

You have a beak for a mouth.
You have claws for feet.
You can fly continuously.


Message History

A puff of frost appears from out of thin air!
The puff of frost misses you. Something hits you but does no damage.
Something barely misses you. Something hits you.
You miss something. You claw something! Your peck misses something.
Something hits you but does no damage. x3
Something hits you but does no damage.
A magic dart appears from out of thin air!
The magic dart hits something!
You hear some strange, mumbled words.
A puff of frost appears from out of thin air!
The puff of frost hits you.
A magic dart appears from out of thin air!
The magic dart hits you.
* * * LOW HITPOINT WARNING * * *
There is a stone staircase leading down here.
Something hits you but does no damage. x2
You hear some strange, mumbled words.
A puff of flame appears from out of thin air!
The puff of flame hits you!
You die...

#.#...........#######
###.........#
#.........#.○
###..#......#○.
#..........©#°○©
..#[#.##......#°.#.
....#.##......#°°°○
.....#.........#°.○○
.........@{..###########
......##.....#)........###
......#......).#..........
#### #........#.##.####..
#........#....#
#........####.# #........#
#.. #........# ###
#.........


There were no monsters in sight!

Vanquished Creatures
  A sky beast (D:3)
  2 eyes of draining (D:4)
  A scorpion (D:4)
  An orc wizard (D:4)
  2 orc priests
  A hound (D:4)
  Jessica (D:2)
  A centaur skeleton (D:4)
  9 adders
  A white imp (D:2)
  2 worms
  2 dart slugs
  3 leopard geckos
  7 orcs
  5 bats
  4 giant cockroaches
  7 goblins
  5 hobgoblins
  4 jackals (D:2)
  6 kobolds
  2 quokkas
  4 ball pythons
  A frilled lizard (D:3)
  A quokka skeleton (D:4)
  10 rats
83 creatures vanquished.

Notes
Turn   | Place    | Note
-------+----------+-------------------------------------------
     0 | D:1      | Gadfly the Tengu Hedge Wizard began the quest for the Orb.
     0 | D:1      | Reached XP level 1. HP: 10/10 MP: 5/5
   135 | D:1      | Found a sparkling altar of Nemelex Xobeh.
   180 | D:1      | Reached XP level 2. HP: 15/15 MP: 1/7
   183 | D:1      | Reached skill level 1 in Air Magic
  1141 | D:2      | Learned a level 2 spell: Call Imp
  1144 | D:2      | Learned a level 2 spell: Blink
  1161 | D:2      | Reached skill level 1 in Evocations
  1269 | D:2      | Reached XP level 3. HP: 19/19 MP: 0/8
  1758 | D:2      | Reached XP level 4. HP: 13/24 MP: 5/9
  2569 | D:2      | Noticed Jessica
  2576 | D:2      | Killed Jessica
  3116 | D:3      | Gained mutation: You can fly continuously. [Tengu growth]
  3116 | D:3      | Reached XP level 5. HP: 28/28 MP: 8/10
  3566 | D:3      | Noticed a sky beast
  3576 | D:3      | Killed a sky beast
  3577 | D:3      | Reached skill level 1 in Fighting
  3799 | D:3      | Reached XP level 6. HP: 34/34 MP: 9/12
  5710 | D:4      | Noticed an eye of draining
  5710 | D:4      | Noticed an eye of draining
  5736 | D:4      | Killed an eye of draining
  5803 | D:4      | Found a bloodstained altar of Trog.
  5815 | D:4      | Killed an eye of draining
  5816 | D:4      | Reached XP level 7. HP: 38/38 MP: 0/13
  6260 | D:4      | Found a transporter.
  6316 | D:4      | Killed from afar by an orc wizard

Illustrated notes

Levels and vault maps discovered:
D:1:      saegor_arrival_simple_a, layout_rooms,
          hangedman_decor_clover_reticule, nemelex_xobeh_ov_fountains_minmay
D:2:      layout_loops_corners, chequers_serial_rivers_micro_b, uniq_jessica
D:3:      layout_rooms, minmay_misc_feat_tower
D:4:      gammafunk_cloud_chamber, layout_basic, tso_oasis_becter,
          trog_eyes_of_draining

Skill      XL: |  1  2  3  4  5  6  7 |
---------------+----------------------+-----
Air Magic      | 1 2 3 |  3.8
Conjurations   | 2 3 |  3.8
Evocations     | 1 2 3 |  3.0
Summonings     | 2 3 4 |  4.0
Fighting       | 1 |  1.8
Dodging        | 3 4 |  4.0
Stealth        | |  2.0
Spellcasting   | |  3.9
Translocations | |  0.7

Action                   |  1- 3 |  4- 6 |  7- 9 || total
-------------------------+-------+-------+-------++-------
Melee: Dagger            |     3 |    12 |       ||    15
       Mace              |    29 |     6 |       ||    35
       Kick              |     5 |    21 |     6 ||    32
       Peck              |     3 |    11 |     2 ||    16
       Short sword       |       |    37 |     1 ||    38
       Spear             |       |    37 |    21 ||    58
 Cast: Magic Dart        |    65 |    85 |     4 ||   154
       Call Imp          |       |     2 |       ||     2
 Abil: Fly               |       |     1 |       ||     1
  Use: Scroll            |     4 |     6 |     1 ||    11
       Potion            |       |     2 |       ||     2
 Stab: Sleeping          |     1 |     1 |     2 ||     4
       Distracted        |       |     1 |       ||     1
Armor: Robe              |    16 |    27 |     8 ||    51
Dodge: Dodged            |    37 |    81 |    14 ||   132
